AoeStats
← Messier46

Four Lakes

503199955Analyzed
2v2 RM · 11d ago on Aug 30, 2026· 29m 20s· 4 players
Game mode
Random Map
Map size
Medium (4 player)
Population
200
Speed
Normal
Resources
Standard
Victory
Conquest
Starting age
Dark Age
Ending age
Imperial Age
RankedLock teamsTeams togetherTeam positionsShared explorationLock speedFull tech treeHidden civsTurbo modeCheats
Victory
Defeat
1129
+15
🇩🇪 Poles · Germany
1119
+15
🇪🇸 Magyars · Spain
1108
-15
1096
-15
Genio de la lampara
8:28 Loom
11:28 Feudal Age
12:22 Double-Bit Axe
13:59 Forging
13:41 Arson
16:16 Wheelbarrow
15:22 Horse Collar
16:57 Fletching
24:27 Castle Age
23:12 Bloodlines
23:30 Scale Barding Armor
24:50 Pikeman
25:30 Squires
25:16 Gambesons
Messier46
7:01 Loom
9:41 Feudal Age
10:50 Double-Bit Axe
19:19 Castle Age
18:28 Bloodlines
20:37 Husbandry
23:30 Wheelbarrow
22:50 Stone Mining
26:58 Hand Cart
27:27 Fletching
lufab
6:23 Loom
9:37 Feudal Age
10:11 Double-Bit Axe
10:06 Horse Collar
17:48 Wheelbarrow
19:46 Bloodlines
21:40 Castle Age
20:09 Forging
20:29 Scale Barding Armor
23:22 Husbandry
23:17 Light Cavalry
24:02 Stone Mining
YOUR FRIENDLY BARTENDER
8:00 Loom
10:41 Feudal Age
11:25 Double-Bit Axe
13:27 Fletching
18:23 Castle Age
19:26 Bow Saw
21:41 Wheelbarrow
21:49 Husbandry
21:59 Bloodlines
23:30 Horse Collar
26:18 Scale Barding Armor
Connection lost

Rejoining the realm…

Still unreachable

The connection could not be restored.

Session expired

The server has moved on; the page needs a fresh start.